Map: Dusk Towers

Players

FireCake - Winner!

  • Race: Zerg Zerg

Has

  • Race: Protoss Protoss

Event: 2016 WCS Winter Circuit Championship

VOD

Have the link to the VOD?

Description

Time

  • Played on: March 3, 2016, 10:10 a.m.
  • Length: 18:23

All games in this series

Show
View Real Time Build Order
Export as new Build Order

FireCake Zerg - Winner!

Build Orders: Hatch First, Lurkers 

Get SALT Encoding   

  12  0:00  Drone  
  13  0:07  Drone  
  14  0:16  Overlord  
  14  0:26  Drone, Extractor  
  15  0:34  Drone x2  
  17  0:50  Hatchery  
  17  0:53  Drone  
  17  0:57  Drone  
  18  1:05  Drone  
  19  1:13  Spawning Pool  
  19  1:18  Drone  
  19  1:33  Drone  
  19  1:38  Hatchery  
  19  1:43  Extractor  
  19  1:44  Drone  
  20  2:01  Queen, Spine Crawler  
  20  2:02  Spine Crawler, Zergling x6  
  20  2:05  Spine Crawler  
  23  2:10  Zergling x2  
  23  2:14  Zergling x2  
  25  2:29  Hatchery  
  24  2:34  Zergling x2  
  24  2:35  Zergling x2  
  26  2:42  Queen  
  28  2:52  Overlord  
  28  3:00  Overlord  
  28  3:01  Overlord  
  28  3:18  Drone x2  
  30  3:43  Hatchery, Drone x5  
  34  3:56  Overlord  
  32  4:07  Hatchery  
  29  4:10  Drone  
  29  4:14  Extractor  
  29  4:16  Drone x2  
  31  4:20  Drone  
  31  4:21  Drone  
  33  4:25  Drone  
  34  4:32  Drone  
  35  4:45  Drone  
  36  4:55  Drone x5  
  41  5:07  Drone  
  41  5:08  Queen x2, Drone  
  47  5:20  Spore Crawler  
  45  5:23  Drone x3  
  45  5:26  Metabolic Boost  
  48  5:31  Drone x6  
  54  5:40  Roach Warren  
  54  5:42  Extractor  
  52  5:49  Queen x2  
  56  5:52  Overlord  
  56  6:01  Spore Crawler  
  56  6:02  Spore Crawler  
  56  6:03  Spore Crawler  
  53  6:08  Drone  
  53  6:09  Drone x8  
  62  6:18  Drone x7  
  69  6:31  Overlord x2  
  69  6:36  Evolution Chamber x2  
  69  6:39  Overlord  
  69  6:41  Overlord x2  
  69  6:42  Overlord x2  
  69  6:50  Evolution Chamber  
  69  6:53  Evolution Chamber  
  66  6:57  Roach  
  66  6:58  Roach x4  
  68  7:09  Roach x7  
  68  7:11  Drone x2  
  79  7:24  Drone x8  
  79  7:26  Lair  
  87  7:36  Drone x5  
  92  7:39  Extractor x2  
  92  7:40  Extractor  
  92  7:41  Extractor  
  88  7:46  Evolution Chamber  
  88  7:49  Drone x2  
  88  7:50  Drone x3  
  90  7:56  Spore Crawler  
  81  8:11  Hatchery, Drone x2  
  81  8:12  Drone  
  83  8:14  Zerg Missile Weapons Level 1  
  83  8:21  Roach x9  
  83  8:23  Overseer  
  83  8:26  Glial Reconstitution  
  101  8:30  Hydralisk Den  
  101  8:34  Drone x3  
  101  8:40  Spore Crawler  
  102  8:47  Overlord x3  
  102  8:49  Drone x2  
  102  8:50  Roach x3  
  110  8:56  Overlord  
  110  9:03  Lurker Den, Hydralisk x3  
  116  9:11  Drone x6  
  122  9:21  Overlord  
  122  9:23  Drone x3, Hydralisk x2  
  129  9:30  Spore Crawler, Extractor x2  
  126  9:40  Hydralisk x5  
  136  9:48  Ravager x6  
  136  9:49  Ravager x2  
  144  9:57  Overlord  
  144  10:00  Overlord  
  144  10:09  Zerg Missile Weapons Level 2  
  144  10:10  Hatchery  
  144  10:11  Drone x7  
  144  10:14  Infestation Pit, Roach x2  
  153  10:34  Roach  
  153  10:35  Roach x8  
  171  10:43  Overlord x2  
  171  10:44  Spire  
  171  10:47  Lurker x4  
  171  10:48  Lurker  
  175  10:54  Hive  
  175  10:58  Overlord  
  175  11:02  Pneumatized Carapace  
  175  11:04  Spine Crawler  
  175  11:05  Spine Crawler  
  175  11:06  Spine Crawler  
  172  11:19  Overseer  
  172  11:31  Drone x6  
  178  11:44  Spore Crawler  
  177  11:48  Spore Crawler x3  
  177  11:49  Spore Crawler  
  173  11:59  Roach x8  
  189  12:03  Lurker x3  
  189  12:04  Lurker  
  189  12:05  Extractor  
  189  12:08  Greater Spire  
  190  12:19  Spore Crawler  
  190  12:22  Spine Crawler  
  188  12:23  Spine Crawler  
  187  12:32  Spore Crawler x3  
  187  12:34  Spore Crawler  
  187  12:36  Zergling x34  
  200  12:40  Zerg Melee Weapons Level 1  
  200  12:41  Adrenal Glands  
  200  12:43  Evolution Chamber  
  197  12:46  Overlord  
  197  12:52  Overlord  
  197  12:53  Overlord  
  193  13:08  Corruptor x6  
  193  13:15  Zergling x4  
  193  13:16  Zergling x16  
  193  13:40  Brood Lord x5  
  192  13:50  Brood Lord  
  192  13:52  Viper x2  
  197  13:56  Drone x2  
  193  14:18  Drone  
  193  14:19  Drone x5  
  193  14:21  Extractor  
  198  14:26  Zerg Missile Weapons Level 3  
  197  14:34  Zerg Ground Armor Level 1  
  196  14:40  Overseer  
  196  14:41  Overseer  
  185  15:02  Hydralisk x5  
  185  15:03  Zergling x18  
  185  15:04  Corruptor x3  
  185  15:05  Corruptor x4  
  197  15:39  Lurker  
  190  15:46  Zergling x26  
  194  15:56  Hydralisk x12  
  191  16:06  Zergling x12  
  191  16:07  Zergling x4  
  195  16:35  Zergling x2  
  195  16:36  Zergling x16  
  191  16:53  Zergling x18  
  199  17:12  Hatchery  
  198  17:20  Hatchery  
  196  17:24  Corruptor x2  
  192  17:37  Zergling x8  
  192  17:38  Zergling x12  
Show
View Real Time Build Order
Export as new Build Order

Has Protoss 

Build Orders:  

Get SALT Encoding   

  12  0:02  Probe (Chrono Boost)  
  13  0:12  Probe (Chrono Boost)  
  14  0:23  Probe (Chrono Boost)  
  15  0:35  Pylon  
  15  0:54  Gateway  
  15  0:55  Gateway  
  15  0:57  Gateway  
  15  1:08  Gateway  
  15  1:12  Probe (Chrono Boost)  
  16  1:23  Pylon  
  16  1:24  Probe (Chrono Boost)  
  17  1:44  Zealot x2 (Chrono Boost)  
  17  1:45  Zealot (Chrono Boost)  
  23  1:49  Probe (Chrono Boost)  
  24  1:54  Forge  
  26  2:09  Zealot (Chrono Boost)  
  26  2:12  Zealot x2 (Chrono Boost)  
  26  2:15  Pylon  
  30  2:19  Probe  
  31  2:30  Photon Cannon  
  31  2:36  Assimilator  
  31  2:37  Pylon  
  31  2:49  Pylon  
  31  2:55  Probe (Chrono Boost)  
  31  3:07  Probe (Chrono Boost)  
  31  3:08  Cybernetics Core  
  32  3:16  Assimilator  
  32  3:17  Probe (Chrono Boost)  
  33  3:28  Probe (Chrono Boost)  
  34  3:35  Gateway  
  34  3:48  Nexus  
  34  3:52  Probe (Chrono Boost)  
  32  4:03  Probe (Chrono Boost)  
  24  4:11  Warp Gate (Chrono Boost)  
  24  4:13  Mothership Core (Chrono Boost)  
  26  4:17  Pylon  
  26  4:18  Pylon  
  26  4:23  Adept  
  28  4:34  Stargate  
  28  4:36  Probe (Chrono Boost)  
  29  4:46  Gateway  
  29  4:50  Probe (Chrono Boost)  
  30  4:58  Gateway  
  30  5:02  Probe (Chrono Boost)  
  30  5:05  Probe (Chrono Boost)  
  32  5:13  Probe (Chrono Boost)  
  33  5:15  Probe (Chrono Boost)  
  33  5:17  Oracle (Chrono Boost)  
  37  5:23  Probe  
  37  5:24  Probe  
  39  5:36  Probe  
  39  5:37  Probe  
  39  5:38  Pylon  
  41  5:45  Oracle  
  41  5:48  Probe  
  41  5:49  Probe  
  46  6:00  Probe  
  46  6:02  Twilight Council, Probe  
  48  6:12  Probe  
  48  6:14  Probe  
  48  6:17  Adept x3  
  48  6:18  Adept  
  58  6:21  Assimilator x2  
  58  6:24  Adept  
  60  6:33  Probe x2  
  62  6:41  Adept x3  
  62  6:42  Adept  
  62  6:45  Probe  
  67  6:58  Probe  
  66  7:03  Probe  
  67  7:10  Probe  
  65  7:15  Probe  
  65  7:20  Protoss Ground Weapons Level 1 (Chrono Boost)  
  65  7:22  Probe  
  62  7:29  Nexus  
  56  7:34  Blink (Chrono Boost)  
  56  7:35  Probe  
  56  7:37  Probe  
  56  7:39  Pylon  
  56  7:42  Pylon  
  57  7:49  Pylon, Probe x2  
  58  7:51  Pylon  
  58  8:02  Probe x2  
  58  8:04  Gateway, Sentry x2  
  58  8:05  Sentry  
  66  8:06  Gateway  
  66  8:08  Gateway  
  66  8:14  Probe  
  66  8:15  Probe  
  66  8:18  Robotics Facility  
  68  8:26  Probe  
  68  8:27  Probe  
  70  8:36  Sentry x2  
  70  8:37  Stalker  
  70  8:39  Probe  
  77  8:44  Assimilator  
  77  8:47  Gateway  
  77  8:48  Gateway, Assimilator  
  77  8:55  Gateway  
  77  8:57  Gateway  
  77  9:00  Stalker x3  
  77  9:01  Protoss Ground Weapons Level 2  
  83  9:04  Warp Prism (Chrono Boost)  
  85  9:12  Stalker x2  
  89  9:17  Stalker  
  91  9:27  Stalker x2  
  95  9:33  Stalker  
  95  9:36  Observer (Chrono Boost), Stalker  
  95  9:37  Stalker  
  102  9:52  Pylon, Stalker  
  102  9:53  Pylon, Stalker  
  102  9:54  Pylon  
  106  10:04  Nexus  
  106  10:07  Pylon  
  106  10:13  Stalker x2  
  110  10:20  Robotics Bay  
  110  10:43  Robotics Facility  
  110  11:00  Photon Cannon  
  110  11:02  Photon Cannon  
  110  11:04  Photon Cannon  
  110  11:05  Protoss Ground Weapons Level 3  
  110  11:08  Pylon  
  110  11:10  Disruptor (Chrono Boost)  
  113  11:14  Charge  
  113  11:29  Zealot x4  
  121  11:41  Disruptor (Chrono Boost), Stalker x4  
  121  11:45  Assimilator  
  121  11:46  Assimilator  
  135  11:47  Disruptor (Chrono Boost)  
  135  11:57  Pylon  
  135  12:12  Disruptor (Chrono Boost)  
  138  12:22  Disruptor (Chrono Boost)  
  141  12:23  Stalker x3  
  141  12:24  Stalker x3  
  141  12:25  Stalker x3  
  159  12:43  Disruptor (Chrono Boost)  
  162  12:53  Pylon, Disruptor (Chrono Boost)  
  162  12:54  Stalker x4  
  162  12:55  Pylon, Stalker x2  
  177  13:05  Adept x2  
  180  13:12  Stalker  
  167  13:19  Stalker x4  
  162  13:21  Probe x2  
  160  13:29  Stalker  
  160  13:30  Stalker  
  155  13:55  Stalker x4  
  159  13:56  Stalker x3  
  169  14:16  Stargate  
  169  14:21  Probe x3  
  172  14:32  Dark Shrine  
  172  14:33  Probe  
  173  14:44  Nexus  
  173  14:45  Pylon  
  173  14:47  Probe x2  
  173  14:49  Probe  
  176  14:59  Probe  
  171  15:10  Stargate  
  171  15:12  Stargate  
  171  15:14  Fleet Beacon  
  171  15:38  Zealot x2  
  171  15:39  Zealot x2  
  145  16:08  Tempest x4  
  138  16:51  Tempest x4  
  126  16:57  Stalker x2  
  126  16:58  Stalker x3  
  134  17:10  Observer (Chrono Boost)  
  134  17:18  Probe  
  134  17:19  Probe x2  
  134  17:20  Probe  
  133  17:34  Tempest x4  
  128  17:37  Adept x3  
  128  17:38  Adept x3  
Tags
 
Add a new tag
Caveats
  • Supply blocks, unpowered buildings, or Contaminate may cause inaccurate times.
  • Supply counts are checked every 10 seconds.